 Dungeon Crawl Stone Soup version 0.28-a0-172-g787e458d71 (webtiles) character file.

Game seed: 17448196662045248093

80 lunkers the Insei (level 4, -1/33 HPs)
             Began as a Djinni Warper on Aug 16, 2021.
             Killed from afar by Natasha (8 damage)
             ... with a magic dart
             ... on level 1 of the Dungeon.
             The game lasted 00:03:51 (3207 turns).

lunkers the Insei (Djinni Warper)                   Turns: 3207, Time: 00:03:52

Health: -1/33      AC:  5    Str: 10    XL:     4   Next: 65%
Gold:   27         EV: 10    Int: 15    God:
                   SH:  0    Dex: 13

rFire   + + .      SeeInvis .     - Unarmed
rCold   x . .      Faith    .   (no shield)
rNeg    . . .      Spirit   .   e - +0 ring mail
rPois   ∞          Reflect  .   (helmet currently unavailable)
rElec   .          Harm     .   (no cloak)
rCorr   .          Rampage  .   (no gloves)
Will    .....                   (boots unavailable)
Stlth   +.........              (no amulet)
HPRegen 0.11/turn               (no ring)
MPRegen 0.00/turn               (no ring)

@: appendages, flying, very slightly contaminated
A: horns 2, flying, sickness immunity, fire resistance 2, cold vulnerability 1,
float, innate caster, hp casting, extra vitality 1
a: End Transformation


You were on level 1 of the Dungeon.
You had temporarily grown beastly horns.
You visited 1 branch of the dungeon, and saw 2 of its levels.

You collected 27 gold pieces.

Inventory:

Missiles
 c - 3 boomerangs of dispersal
 h - 6 boomerangs
Armour
 a - a +0 leather armour
 e - a +0 ring mail (worn)
Scrolls
 b - 3 scrolls of blinking
 f - a scroll of teleportation {unknown}
 j - a scroll of brand weapon {unknown}
Potions
 d - 2 potions of curing {unknown}
 g - a potion of flight {unknown}
 i - a potion of mutation {unknown}


   Skills:
 - Level 2.0 Fighting
 - Level 0.7 Throwing
 - Level 1.0 Armour
 - Level 2.1 Dodging
 * Level 3.8 Unarmed Combat
 + Level 3.0 Spellcasting


You couldn't memorise any spells.
You knew the following spells:

 Your Spells              Type           Power      Damage    Failure   Level
b - Lesser Beckoning      Tloc           5%         N/A       41%         3
c - Gell's Gravitas       Tloc           5%         N/A       41%         3
d - Teleport Other        Tloc           11%        N/A       41%         3
e - Manifold Assault      Tloc           11%        N/A       99%         5
f - Beastly Appendage     Tmut           22%        N/A       14%         1
p - Blink                 Tloc           N/A        N/A       22%         2
Your spell library was empty.

Dungeon Overview and Level Annotations

Branches:
Dungeon (2/15)

Altars:

Annotations:
D:1 Natasha
D:2 Sigmund


Innate Abilities, Weirdness & Mutations

You have temporarily grown beastly horns.
You are flying.
You are immune to sickness and miasma.
You are immune to poison.
Your flesh is very heat resistant. (rF++)
You are vulnerable to cold. (rC-)
You float through the air rather than walking.
You learn spells naturally, not from books.
Your magical power is your life essence.
You have superior vitality. (+4 HP)


Message History

Something hits you.
* * * LOW HITPOINT WARNING * * *
There is a stone staircase leading up here.
Something hits you!
* * * LOW HITPOINT WARNING * * *
You fly upwards.
Reactivating autopickup.
There is a stone staircase leading down here.
Your transformation is almost over.
Your horns disappear.
Things that are here:
3 stones; a +0 short sword You see here 18 stones.
There is an open door here.
Natasha, Servant of Life and Death comes into view.
She is carrying a wand of flame (19).
Natasha hisses angrily.
Casting: Beastly Appendage (safe; 14% risk of failure)
Confirm with . or Enter, or press ? or * to list all spells.
You miscast Beastly Appendage.
You are very lightly contaminated with residual magic.
Nothing appears to happen.
Natasha casts a spell at you. The magic dart hits you. Natasha claws you!
* * * LOW HITPOINT WARNING * * *
Casting: Beastly Appendage (safe; 14% risk of failure)
Confirm with . or Enter, or press ? or * to list all spells.
You grow a pair of large bovine horns.
* * * LOW HITPOINT WARNING * * *
Natasha casts a spell.
You closely miss Natasha. Natasha claws you.
* * * LOW HITPOINT WARNING * * *
You barely miss Natasha. Natasha barely misses you.
You completely miss Natasha. Your headbutt misses Natasha.
The shadow imp gestures at you. Pain shoots through your body!
* * * LOW HITPOINT WARNING * * *
Natasha casts a spell at you. The magic dart hits you!
You die...

##'####..#.......#.....####
#.......>#..8.8..#.......##
#....[)..#.......#.....#..#
#...##.####.....######....#
########'###...##.....#
#..... .....# #.#
###.###.8.## #..... #.##.#
#.#####.###...## #.....
#.##.# #........#h5...#
#....#
#.##.#########..@.....#
#....# #.##.......#
#..####.## #....#
#.########.# #...# #.#
#....# #.# #.####..# #.#
###### #.# #.......# #.# #
#.# ###....####†# # #.#
#.........# # #.#
#.........# # #.#
#.........##### #


You could see Natasha and a shadow imp (summoned).

Vanquished Creatures
  Natasha (D:1)
  A gnoll (D:1)
  An adder (D:2)
  A ball python (D:2)
  4 bats
  2 endoplasms (D:1)
  A giant cockroach (D:1)
  4 goblins
  7 hobgoblins
  4 jackals (D:1)
  2 quokkas (D:1)
  2 frilled lizards (D:1)
  A kobold (D:1)
  3 rats (D:1)
34 creatures vanquished.

Notes
Turn   | Place    | Note
-------+----------+-------------------------------------------
     0 | D:1      | lunkers the Djinni Warper began the quest for the Orb.
     0 | D:1      | Reached XP level 1. HP: 18/18 MP: 0/0
   170 | D:1      | Reached XP level 2. HP: 16/23 MP: 0/0
  1085 | D:1      | Found a faded altar of an unknown god.
  1106 | D:1      | Reached XP level 3. HP: 21/28 MP: 0/0
  1106 | D:1      | Learned a level 1 spell: Beastly Appendage
  2471 | D:1      | Reached XP level 4. HP: 19/33 MP: 0/0
  2637 | D:2      | Noticed Natasha
  2641 | D:2      | Noticed Sigmund
  2673 | D:1      | Killed Natasha
  3200 | D:1      | Noticed Natasha
  3207 | D:1      | Killed from afar by Natasha

Illustrated notes

Levels and vault maps discovered:
D:1:      ncdulo_wetmaze, layout_basic, hellmonk_ecumenical_altar_prayer_group
D:2:      layout_basic, uniq_terence, uniq_natasha, uniq_sigmund

Skill      XL: |  1  2  3  4 |
---------------+-------------+-----
Unarmed Combat | 3 |  3.8
Spellcasting   | 3 |  3.0
Fighting       | |  2.0
Throwing       | |  0.7
Armour         | |  1.0
Dodging        | |  2.1

Action                   |  1- 3 |  4- 6 || total
-------------------------+-------+-------++-------
Melee: Unarmed           |   154 |    21 ||   175
       Headbutt          |     6 |       ||     6
Throw: Boomerang         |       |     2 ||     2
 Cast: Beastly Appendage |    11 |     6 ||    17
Armor: Leather armour    |     3 |       ||     3
       Ring mail         |    55 |     3 ||    58
Dodge: Dodged            |    67 |    18 ||    85

Table legend: (Time is in decaauts)
 A = Elapsed time spent in this place.
 B = Non-inter-level travel time spent in this place.
 C = Inter-level travel time spent in this place.
 D = Time resting spent in this place.
 E = Time spent auto-exploring this place.
 F = Levels seen in this place.
 G = Mean time per level.
                   A        B        C        D        E       F      G
               +--------+--------+--------+--------+--------+-----+--------+
         Total |   3200 |   3000 |    200 |    878 |   1637 |   2 | 1600.0 |
       Dungeon |   3200 |   3000 |    200 |    878 |   1637 |   2 | 1600.0 |
               +--------+--------+--------+--------+--------+-----+--------+

Top non-repeatable levels by time:
     D:1: 2794 daAuts
     D:2: 406 daAuts
